 Dungeon Crawl Stone Soup version 0.30.0-5-g1a98f26d00 (webtiles) character file.

Game seed: 8313724616215861248

6547 bnnuy the Warrior (level 10, -4/111 HPs)
             Began as a Minotaur Berserker on May 7, 2023.
             Was an Elder of Trog.
             Slain by a warg (8 damage)
             ... on level 8 of the Dungeon on May 10, 2023.
             The game lasted 00:30:08 (9273 turns).

bnnuy the Warrior (Minotaur Berserker)              Turns: 9273, Time: 00:30:08

Health: -4/111     AC: 14    Str: 25    XL:     10   Next: 70%
Magic:  9/9        EV:  9    Int:  4    God:    Trog [****..]
Gold:   885        SH:  0    Dex: 17    Spells: 9/9 levels left

rFire   . . .        L - +0 war axe
rCold   . . .        (no shield)
rNeg    . . .        w - +0 plate armour
rPois   .            (helmet restricted)
rElec   .            (no cloak)
rCorr   .            k - +0 pair of gloves
SInv    .            p - +0 pair of boots
Will    .....        (no amulet) Stlth
                     N - +6 ring of dexterity
HPRegen 0.38/turn    (no ring)
MPRegen 0.11/turn

%: no passive effects
@: invisible
A: horns 2, retaliatory headbutt
a: Renounce Religion, Berserk, Trog's Hand, Brothers in Arms


You were on level 8 of the Dungeon.
You worshipped Trog.
Trog was greatly pleased with you.
You visited 2 branches of the dungeon, and saw 11 of its levels.
You also visited: Bailey.

You collected 885 gold pieces.

Inventory:

Hand Weapons
 a - a +0 hand axe
 L - a +0 war axe (weapon)
 O - a +0 demon whip of venom
Missiles
 v - 29 poisoned darts
 B - 21 boomerangs (quivered)
Armour
 b - a +0 animal skin
 k - a +0 pair of gloves (worn)
 l - a +0 chain mail
 p - a +0 pair of boots (worn)
 r - the +1 scale mail "Tixt" {rN+}
   (You took it off a hobgoblin on level 2 of the Dungeon)

   rN:        It protects you from negative energy.
 w - a +0 plate armour (worn)
Jewellery
 E - a ring of ice
 N - a +6 ring of dexterity (left hand)
 P - a ring of poison resistance
 S - a ring of resist corrosion
Wands
 C - a wand of iceblast (4)
 D - a wand of paralysis (12)
 J - a wand of digging (13)
 K - a wand of acid (10)
Scrolls
 d - a scroll of noise {unknown}
 f - 4 scrolls of fog
 m - 2 scrolls of immolation {unknown}
 n - 2 scrolls of summoning {unknown}
 o - a scroll of poison {unknown}
 t - a scroll of magic mapping {unknown}
 u - a scroll of blinking {unknown}
 x - 2 scrolls of amnesia {unknown}
 y - 4 scrolls of enchant armour {unknown}
 F - a scroll of vulnerability {unknown}
 G - a scroll of acquirement {unknown}
 H - 3 scrolls of teleportation {unknown}
 I - a scroll of silence {unknown}
Potions
 c - 3 potions of berserk rage
 e - 3 potions of attraction
 g - 5 potions of curing
 h - a potion of brilliance
 i - a potion of invisibility
 j - a potion of cancellation
 q - a potion of magic
 s - a potion of mutation {unknown}
 z - 3 potions of lignification {unknown}
 M - 5 potions of flight
 Q - a potion of degeneration {unknown}
 R - 2 potions of heal wounds {unknown}


   Skills:
 + Level 17.2 Fighting
 - Level 7.0 Axes
 - Level 5.0 Armour
 - Level 5.0 Dodging


You had 9 spell levels left.
You didn't know any spells.
Your spell library contained the following spells:

 Spells                   Type           Power      Damage    Failure   Level
 Kiss of Death            Conj/Necr      0%         2d5       100%        1
 Blink                    Tloc           0%         N/A       100%        2
 Ensorcelled Hibernation  Hex/Ice        0%         N/A       100%        2
 Lesser Beckoning         Tloc           0%         N/A       100%        2
 Momentum Strike          Conj/Tloc      0%         3d8       100%        2
 Sublimation of Blood     Necr           0%         N/A       100%        2
 Confusing Touch          Hex            0%         N/A       100%        3
 Spider Form              Tmut/Pois      0%         N/A       100%        3
 Anguish                  Hex/Necr       0%         N/A       100%        4
 Dispel Undead            Necr           0%         3d6       100%        4
 Petrify                  Tmut/Erth      0%         N/A       100%        4
 Irradiate                Conj/Tmut      0%         3d11      100%        5


Dungeon Overview and Level Annotations

Branches:
Dungeon (10/15)            Temple (1/1) D:5          Bailey (visited)
   Lair: D:8-11         Orc: D:9-12

Altars:
Ashenzari
Elyvilon
Nemelex Xobeh
Okawaru
Wu Jian

Shops:
D:2 [(:[*


Innate Abilities, Weirdness & Mutations

You have a pair of horns on your head.
You reflexively headbutt those who attack you in melee.


Message History

The warg barely misses you.
Things that are here:
a +0 robe; a +0 dagger; a wyvern corpse The warg attacks as you move away!
The warg bites you! The warg bites you but does no damage. The warg bites you!
* * * LOW HITPOINT WARNING * * *
The warg attacks as you move away!
The warg bites you but does no damage. x2
The warg bites you but does no damage.
You feel yourself speed up. The warg closely misses you.
The orc throws a boomerang.
The boomerang hits the warg.
The warg attacks as you move away! The warg barely misses you.
The warg bites you.
* * * LOW HITPOINT WARNING * * *
The warg attacks as you move away! The warg bites you.
* * * LOW HITPOINT WARNING * * *
There is a stone staircase leading up, spattered with blood here.
The warg completely misses you.
You climb upwards.
There is a stone staircase leading down here.
Okay, then.
You hit the warg.
The warg is lightly wounded.
The warg bites you but does no damage. x2
You slice the warg!! Your headbutt misses the warg.
The warg is severely wounded.
The warg bites you.
* * * LOW HITPOINT WARNING * * *
You hit the warg. Your headbutt misses the warg.
The warg is almost dead.
You recover from your berserk rage.
The warg bites you.
* * * LOW HITPOINT WARNING * * *
The warg bites you!
* * * LOW HITPOINT WARNING * * *
You hit the warg but do no damage.
The warg is almost dead.
The warg bites you!
You die...

##............# #...
#.............## #...
#..............# #...
#..............# ##..
#..............## ##.
#...............# ##
#...............#
#...............#
##...h@..>.......###
#..................####
#...............##.....
##..............####...
##............## #...
#############...........##
#...
..........##...<.....####
###.
........)....####..### ##
.[......)...## #### ######
#


You could see a warg.

Vanquished Creatures
  Amaemon (D:8)
  Joseph (D:7)
  A smoke demon (D:9)
  An orange demon (D:8)
  Prince Ribbit (D:7)
  2 wyverns
  Eustachio (D:4)
  Grum (D:8)
  A steam dragon (D:6)
  2 wargs (D:9)
  A water moccasin (D:7)
  9 orc warriors
  A sky beast (D:6)
  An ogre (D:6)
  3 wolves (D:8)
  2 centaurs
  A kobold brigand (D:5)
  A phantom (D:5)
  A bullfrog (D:8)
  2 scorpions (D:4)
  22 killer bees
  A howler monkey (D:10)
  3 jellies
  7 orc priests
  A gnoll bouda (D:7)
  4 hounds
  A sleepcap (D:6)
  4 iguanas
  10 orc wizards
  6 gnolls
  11 adders
  3 white imps
  An ufetubus (D:5)
  A worm (D:4)
  45 orcs
  3 bats (D:1)
  4 endoplasms
  A giant cockroach (D:2)
  8 hobgoblins
  A quokka (D:3)
  4 ball pythons
  6 frilled lizards
  19 goblins
  19 kobolds
  3 rats
222 creatures vanquished.

Notes
Turn   | Place    | Note
-------+----------+-------------------------------------------
     0 | D:1      | bnnuy the Minotaur Berserker began the quest for the Orb.
     0 | D:1      | Reached XP level 1. HP: 19/19 MP: 0/0
    95 | D:1      | Found a faded altar of an unknown god.
   203 | D:1      | Reached XP level 2. HP: 23/27 MP: 1/1
   575 | D:1      | Reached skill level 4 in Fighting
   646 | D:2      | Reached XP level 3. HP: 33/33 MP: 2/2
   677 | D:2      | Found Qemefuov's Armour Boutique.
   689 | D:2      | Found Piotix's Weapon Boutique.
   713 | D:2      | Found Kisuudo's Book Shoppe.
   752 | D:2      | Found Inoethrud's Armour Shoppe.
   993 | D:2      | Found Coli's Assorted Antiques.
   998 | D:2      | Identified the +1 scale mail "Tixt" {rN+}
  1682 | D:3      | Reached ** piety under Trog
  1727 | D:3      | Reached XP level 4. HP: 37/41 MP: 3/3
  2122 | D:4      | Found a broken altar of Ashenzari.
  2321 | D:4      | Noticed Eustachio
  2325 | D:4      | Killed Eustachio
  2326 | D:4      | Reached skill level 5 in Fighting
  2326 | D:4      | Reached skill level 5 in Axes
  2326 | D:4      | Reached XP level 5. HP: 48/48 MP: 4/4
  2376 | D:4      | Reached XP level 6. HP: 56/56 MP: 5/5
  2826 | D:5      | Entered Level 5 of the Dungeon
  2857 | D:5      | Reached skill level 6 in Fighting
  2857 | D:5      | Reached skill level 5 in Armour
  2941 | D:5      | Reached XP level 7. HP: 63/63 MP: 6/6
  2943 | D:5      | Reached skill level 5 in Dodging
  3192 | D:5      | Reached skill level 7 in Fighting
  3311 | D:5      | Found a staircase to the Ecumenical Temple.
  3347 | Temple   | Entered the Ecumenical Temple
  3582 | D:5      | Reached skill level 8 in Fighting
  3669 | D:6      | Found an ornate altar of the Wu Jian Council.
  3669 | D:6      | Found a white marble altar of Elyvilon.
  3711 | D:6      | Reached *** piety under Trog
  3749 | D:6      | Noticed a steam dragon
  3764 | D:6      | Killed a steam dragon
  3765 | D:6      | Reached XP level 8. HP: 74/74 MP: 7/7
  4000 | D:6      | Found an iron altar of Okawaru.
  4379 | D:6      | Reached skill level 9 in Fighting
  4843 | D:7      | Reached skill level 10 in Fighting
  5019 | D:7      | Found a flagged portal.
  5042 | Bailey   | Entered a bailey
  5285 | Bailey   | Reached skill level 11 in Fighting
  5525 | Bailey   | Reached XP level 9. HP: 89/89 MP: 8/8
  5586 | Bailey   | Reached skill level 12 in Fighting
  6497 | D:7      | Noticed Prince Ribbit
  6506 | D:7      | Killed Prince Ribbit
  6823 | D:7      | Upgraded the game from 0.30.0 to 0.30.0-5-g1a98f26d00
  7077 | D:8      | Reached **** piety under Trog
  7088 | D:8      | Reached skill level 13 in Fighting
  7132 | D:8      | Noticed an orange demon
  7132 | D:8      | Noticed Amaemon
  7335 | D:8      | Killed Amaemon
  7336 | D:8      | Reached skill level 14 in Fighting
  7388 | D:8      | Killed an orange demon
  7616 | D:8      | Reached XP level 10. HP: 104/104 MP: 9/9
  7621 | D:8      | Reached skill level 15 in Fighting
  7895 | D:7      | Noticed Joseph
  7902 | D:7      | Killed Joseph
  8457 | D:8      | Noticed Grum
  8465 | D:8      | Killed Grum
  8468 | D:8      | Reached skill level 16 in Fighting
  8913 | D:9      | Noticed a smoke demon
  8913 | D:9      | Noticed a sixfirhy
  8987 | D:10     | Entered Level 10 of the Dungeon
  9003 | D:10     | Found a sparkling altar of Nemelex Xobeh.
  9197 | D:9      | Reached skill level 17 in Fighting
  9241 | D:9      | Killed a smoke demon
  9272 | D:8      | HP: 3/111 [warg (13)]
  9273 | D:8      | Slain by a warg

Illustrated notes

Levels and vault maps discovered:
D:1:      tarquinn_simple_flora_water_e, layout_rooms,
          dreamdust_ecumenical_altar_grove, chequers_serial_rivers_large_b
D:2:      layout_loops_corners, serial_shops, shop, shop, shop, shop, shop,
          corexii_leaking_fountain
D:3:      layout_basic
D:4:      layout_gridville, mainiacjoe_overflow_six_doors_small,
          hangedman_abyss_or_decor_passed, uniq_eustachio
D:5:      layout_basic, minmay_temple_entry_antechambers
D:6:      layout_loops_cross, chequers_temple_overflow_statue_of_worship,
          mainiacjoe_overflow_boulevard, nicolae_nh_ransacked_shop
D:7:      layout_basic, enter_bailey_5, serial_bayou_pond_d,
          uniq_prince_ribbit1, uniq_joseph
D:8:      layout_cave_pods, uniq_grum, uniq_amaemon
D:9:      layout_rooms, erik_lair_orcish_takeover, david_orc_2,
          gammafunk_ghost_spectres, serial_shops, shop, serial_demonic,
          serial_demonic_b, serial_demonic_e, serial_demonic_e,
          serial_demonic_e, serial_demonic_a, serial_demonic_d,
          serial_demonic_d, serial_demonic_c, serial_demonic_g, serial_demonic_a
D:10:     layout_layer_cave, mainiacjoe_overflow_cross_hatched,
          ebering_ghost_reflecting_pool
Temple:   minmay_temple_bridge_d

Skill      XL: |  1  2  3  4  5  6  7  8  9 10 |
---------------+-------------------------------+-----
Fighting       | 4 5 6 8 11 14 17 | 17.2
Axes           | 4 5 6 7 |  7.0
Armour         | 3 4 5 |  5.0
Dodging        | 3 4 5 |  5.0

Action                     |  1- 3 |  4- 6 |  7- 9 | 10-12 || total
---------------------------+-------+-------+-------+-------++-------
  Melee: Hand axe          |    78 |    51 |   193 |       ||   322
         Headbutt          |     9 |    11 |    45 |    21 ||    86
         Punch             |     1 |       |     2 |     4 ||     7
         War axe           |       |       |   120 |   130 ||   250
  Throw: Boomerang         |       |       |    13 |       ||    13
 Invoke: Berserk           |     1 |     3 |    12 |     7 ||    23
         Trog's Hand       |       |       |     2 |     1 ||     3
  Evoke: Wand              |       |       |     1 |     1 ||     2
    Use: Scroll            |     1 |       |       |     6 ||     7
         Potion            |       |       |     1 |     1 ||     2
 Armour: Animal skin       |     6 |       |       |       ||     6
         Chain mail        |     7 |       |       |       ||     7
         Scale mail        |    10 |    11 |       |       ||    21
         Plate armour      |       |    17 |   225 |    87 ||   329
  Dodge: Dodged            |    43 |    21 |   131 |    91 ||   286
